[Event "*** Titled Tuesday Blitz"]
[Site "Chess.com"]
[Date "2020.01.07"]
[Round "5"]
[White "chess3054"]
[Black "oskariot"]
[Result "1-0"]
[WhiteElo "2437"]
[BlackElo "2594"]
[TimeControl "180+2"]
[EndTime "14:10:04 PST"]
[Termination "chess3054 won on time"]

1. e4 c5 2. Nf3 d6 3. d4 cxd4 4. Nxd4 Nf6 5. Nc3 Nc6 6. Nd5 Nxd5 7. exd5 Qa5+ 8. Bd2 Qxd5 9. Nb5 Qe6+ 10. Be2 Qd7 11.
c4 a6 12. Nc3 e6 13. Be3 Be7 14. O-O O-O 15. Qd2 Qc7 16. f4 Bd7 17. Rad1 Rac8 18. b3 Qa5 19. Ne4 Qxd2 20. Rxd2 d5 21. cxd5 exd5 22.
Rxd5 Be6 23. Rdd1 Nb4 24. Rd2 Nc2 25. Ba7 Bb4 26. Rdd1 f6 27. f5 Bf7 28. Nd6 Bxd6 29. Rxd6 Rfe8 30. Bf3 Rc7 31. Rfd1 h6 32. h3 Nb4 33.
Rd7 Rxd7 34. Rxd7 Nxa2 35. Rxb7 Nc1 36. b4 Nd3 37. Bc5 Bc4 38. Bd6 Re1+ 39. Kh2 Rc1 40. Rc7 Kh7 41. Be4 Bb5 42. Bxd3 Rxc7 43. Bxb5 Ra7 44.
Bc4 1-0

[Event "*** Titled Tuesday Blitz"]
[Site "Chess.com"]
[Date "2020.01.07"]
[Round "5"]
[White "IMRosen"]
[Black "Region_07"]
[Result "1/2-1/2"]
[WhiteElo "2572"]
[BlackElo "2381"]
[TimeControl "180+2"]
[EndTime "14:10:04 PST"]
[Termination "Game drawn by repetition"]

1. e4 Nc6 2. d4 d5 3. Nc3 Nf6 4. e5 Nd7 5. Nf3 Nb6 6. h3 Bf5 7. Nh4 e6 8. Nxf5 exf5 9. Be3 Qd7 10. Bd3 f4 11. Bxf4 Nxd4 12. O-O Be7 13. a4 Ne6 14. Bh2 O-O-O 15. a5 Nc4 16. b3 Nb2 17. Qe2 Nxd3 18. Qxd3 a6 19. f4 Nc5 20. Qd4 Ne6 21. Qd3 Nc5 22. Qf3 d4 23. Na4 Qf5 24. Rf2 d3 25. g4 Qd7 26. Kg2 Qb5 27. Nc3 Qd7 28. b4 Qd4 29. bxc5 Qxc3 30. Rb1 c6 31. Rb3 Qxc5 32. cxd3 Qd5 33. f5 Bc5 34. Rc2 Qxf3+ 35. Kxf3 Ba7 36. e6 fxe6 37. fxe6 Rhe8 38. Re2 Bb8 39. Bxb8 Kxb8 40. Kf4 Rd5 41. Re5 Rd6 42. Kf5 Kc7 43. h4 Rf8+ 44. Ke4 Re8 45. Kf5 Rf8+ 46.
Kg5 Re8 47. Kf5 1/2-1/2

[Event "*** Titled Tuesday Blitz"]
[Site "Chess.com"]
[Date "2020.01.07"]
[Round "5"]
[White "riconaipe"]
[Black "ChessBitl"]
[Result "1-0"]
[WhiteElo "2579"]
[BlackElo "2365"]
[TimeControl "180+2"]
[EndTime "14:10:05 PST"]
[Termination "riconaipe won by checkmate"]

1. d4 d5 2. c4 dxc4 3. e4 e5 4. Nf3 exd4 5. Bxc4 Nc6 6. O-O Be6 7. Bxe6 fxe6 8.
Qb3 Qd7 9. Qxb7 Rb8 10. Qa6 Nf6 11. Nbd2 Bd6 12. Nc4 e5 13. Bg5 O-O 14. Bxf6 Rxf6 15.
Nxd6 cxd6 16. Rac1 Nb4 17. Qc4+ Qf7 18. a3 Qxc4 19.
Rxc4 Nd3 20. b4 h6 21. Nd2 Ra8 22. f3 a5 23. b5 a4 24. Rb1 Nc5 25. b6 Rf7 26. Rcb4 Rb8 27. Nc4 Rd7 28. Rb5 Kf7 29. Nxe5+ dxe5 30. Rxc5 Ke6 31. Kf2 Rd6 32. b7 Rd7 33.
Rcb5 Rc7 34. R1b2 Kd6 35. Ke2 Rc3 36. Rd5+ Kc7 37. Rxe5 Rxa3 38. Rc5+ Kd7 39. Rd5+ Ke6 40. Rxd4 Rb3 41. Rxb3 axb3 42. Rb4 Kd6 43. Rxb3 Kc7 44.
Ke3 g5 45. e5 Kd7 46. Ke4 Kc7 47. g3 Kd7 48. f4 Kc7 49. f5 h5 50. f6 Kd7 51. Kf5 Kc7 52. f7 Kd7 53. Kf6 h4 54.
gxh4 gxh4 55. e6+ Kd6 56. e7 Kd7 57. e8=Q+ Kc7 58. Qxb8+ Kxb8 59. f8=Q+ Kc7 60. b8=Q+ Kc6 61. Qfd6# 1-0

[Event "*** Titled Tuesday Blitz"]
[Site "Chess.com"]
[Date "2020.01.07"]
[Round "5"]
[White "Vugar_Manafov"]
[Black "Lukianoo"]
[Result "1-0"]
[WhiteElo "2608"]
[BlackElo "2794"]
[TimeControl "180+2"]
[EndTime "14:10:06 PST"]
[Termination "Vugar_Manafov won by resignation"]

1. Nf3 Nf6 2. g3 b5 3. a4 b4 4. c4 Bb7 5. Bg2 c5 6. O-O e6 7. b3 Be7 8. Bb2 O-O 9. d4 d6 10. Nbd2 Nbd7 11. Re1 cxd4 12. Bxd4 Nc5 13. Qc2 Qc7 14.
Rad1 e5 15. Bxc5 Qxc5 16. e4 Bd8 17. Nf1 Bb6 18. Nh4 g6 19. Ne3 Qc7 20. Qd3 Bd4 21. Nc2 Bc5 22. Bh1 Ng4 23. Rd2 f5 24. Ree2 f4 25.
h3 Nh6 26. g4 Nf7 27. Nf3 Nd8 28. Nce1 Ne6 29. Qb1 a5 30. Nd3 Bb6 31. Qd1 Rad8 32. Bg2 Qe7 33. Qe1 Kg7 34. Qd1 Rh8 35. h4 Nd4 36. Nxd4 Bxd4 37. Nxf4 Rdf8 38. Rxd4 exd4 39.
Qxd4+ Kg8 40. Nd5 Qxh4 41. e5 dxe5 42. Rxe5 Rf7 43. Re8+ Rf8 44. Rxf8+ 1-0

[Event "*** Titled Tuesday Blitz"]
[Site "Chess.com"]
[Date "2020.01.07"]
[Round "5"]
[White "CzechmVIII"]
[Black "dragos420"]
[Result "0-1"]
[WhiteElo "2166"]
[BlackElo "2435"]
[TimeControl "180+2"]
[EndTime "14:10:06 PST"]
[Termination "dragos420 won on time"]

1. e4 e5 2. Nf3 Nc6 3. Bb5 a6 4. Ba4 g6 5. d4 b5 6. Bb3 exd4 7.
Bg5 Be7 8. Bxe7 Qxe7 9. Bd5 Nf6 10. O-O O-O 11. Nxd4 Bb7 12. Nxc6 dxc6 13. Bb3 Rad8 14.
Qe2 Qxe4 15. Qxe4 Nxe4 16. f3 Nf6 17. c4 c5 18. Nc3 Rd2 19. cxb5 axb5 20. Nxb5 Ba6 21.
Bc4 Rxb2 22. Na3 Ra8 23. Rab1 Rxb1 24. Rxb1 Bxc4 25. Nxc4 Rxa2 26. Rc1 Nd7 27. f4 Ra6 28. Ne5 Nxe5 29. fxe5 Rc6 30. Rc4 Kf8 31. Kf2 Ke8 32. Ke3 Ke7 33. Ke4 Ke6 34. g4 h6 35. h4 h5 36. g5 Ke7 37. Kd5 Kd7 38. Rf4 Re6 39.
Rxf7+ Re7 40. Rf4 c6+ 41. Kxc5 Rxe5+ 42. Kc4 Rf5 43. Rd4+ Ke6 44. Rd8 Rf4+ 45. Kc5 Rxh4 46. Kxc6 Kf5 47. Rd5+ Kf4 48. Kd6 Rg4 49. Rd4+ Kxg5 50.
Rd1 Rf4 51. Ke6 h4 52. Rg1+ Kh5 53. Ke5 Rf8 54. Ke4 g5 55. Ke3 h3 56. Ra1 Kh4 57. Ra7 g4 58. Rh7+ Kg3 59. Rh6 Re8+ 60. Kd2 h2 61. Rh7 Kg2 62. Rh4 h1=Q 63. Rxg4+ Kf3 0-1

[Event "*** Titled Tuesday Blitz"]
[Site "Chess.com"]
[Date "2020.01.07"]
[Round "5"]
[White "ChessSkool"]
[Black "otrov-11"]
[Result "1-0"]
[WhiteElo "2677"]
[BlackElo "2427"]
[TimeControl "180+2"]
[EndTime "14:10:07 PST"]
[Termination "ChessSkool won by checkmate"]

1. d4 Nf6 2. Nf3 d5 3. Bf4 c5 4.
e3 Nc6 5. Nbd2 e6 6. c3 Bd6 7. Bg3 O-O 8. Bd3 Ne7 9. Bxd6 Qxd6 10. Ne5 b6 11. Qf3 Bb7 12. Qh3 Ne4 13. f3 Ng5 14. Qh5 f6 15. h4 Ne4 16. fxe4 fxe5 17. dxe5 Qd8 18. exd5 g6 19. Qh6 Nf5 20. Bxf5 Rxf5 21. h5 Qg5 22. hxg6 Qxh6 23. Rxh6 Rxe5 24. gxh7+ Kg7 25. Rxe6 Rxe6 26. dxe6 Kxh7 27. Kf2 Re8 28. Nf3 Kg6 29. Rd1 Rxe6 30. Rd7 Be4 31. Rxa7 b5 32. Rc7 Ra6 33. Rxc5 b4 34. Rc4 bxc3 35. Rxe4 Rxa2 36. Kg3 Rxb2 37. Rc4 c2 38. Nd4 Kf6 39. Rxc2 Rb1 40. Kf4 Rf1+ 41. Nf3 Ke6 42. g4 Ra1 43. Rd2 Ra4+ 44. Rd4 Ra6 45. g5 Kf7 46. Kf5 Ra5+ 47.
Ne5+ Ke7 48. Rd7+ Ke8 49. Rb7 Rd5 50. g6 Kf8 51. e4 Rd1 52. Rf7+ Kg8 53. Ng4 Rf1+ 54.
Ke6 Rh1 55. Nf6+ Kh8 56. g7# 1-0

[Event "*** Titled Tuesday Blitz"]
[Site "Chess.com"]
[Date "2020.01.07"]
[Round "5"]
[White "liczner"]
[Black "Sergey85Rodchenkov"]
[Result "1-0"]
[WhiteElo "2790"]
[BlackElo "2468"]
[TimeControl "180+2"]
[EndTime "14:10:12 PST"]
[Termination "liczner won on time"]

1. e4 c5 2. Nf3 e6 3. d4 cxd4 4. Nxd4 a6 5. Bd3 Qc7 6. O-O Nf6 7. Qe2 d6 8. c4 g6 9. Nc3 Bg7 10. h3 O-O 11. Nf3 Nc6 12. Bf4 Nd7 13. Rfd1 Nde5 14. Rac1 b6 15. Qe3 Nxf3+ 16. Qxf3 Ne5 17. Qe3 Rb8 18.
Bh6 Bxh6 19. Qxh6 Bb7 20. Be2 Rfd8 21. f4 Nd7 22. Rf1 Nc5 23. f5 Qe7 24. f6 Qf8 25.
Qe3 Rbc8 26. Rf4 Nd7 27. Rcf1 Rc5 28. Nd1 Re5 29. Nf2 Nc5 30. b4 Nd7 31. Nd3 Rc8 32. Nxe5 dxe5 33. Rh4 a5 34. a3 axb4 35. axb4 Ra8 36.
Kh2 Ra2 37. Bd3 Ra3 38. Qd2 h6 39. Bb1 Nb8 40. Rxh6 Nc6 41. Rh4 Nd4 42. Rf2 Rb3 43. Ba2 Rxb4 44. Qg5 1-0

[Event "*** Titled Tuesday Blitz"]
[Site "Chess.com"]
[Date "2020.01.07"]
[Round "5"]
[White "Majkelopulos"]
[Black "vanea_03"]
[Result "1-0"]
[WhiteElo "2536"]
[BlackElo "2683"]
[TimeControl "180+2"]
[EndTime "14:10:15 PST"]
[Termination "Majkelopulos won by resignation"]

1. e3 e5 2. d4 Nc6 3. Bb5 exd4 4. exd4 a6 5. Bxc6 dxc6 6. h3 Bd6 7. Nf3 Qe7+ 8. Be3 Nf6 9. Nc3 Nd5 10. Nxd5 cxd5 11.
O-O O-O 12. Re1 Qf6 13. c3 Bf5 14. Nd2 Qg6 15. Qf3 c6 16. Kh1 Rae8 17. Bf4 Be4 18. Nxe4 dxe4 19. Qe3 f5 20. c4 Qf6 21. Rad1 Bxf4 22.
Qxf4 g5 23. Qc7 Rf7 24. Qb6 f4 25. d5 f3 26. g3 cxd5 27. Qxf6 Rxf6 28. Rxd5 h6 29.
Re3 Rc6 30. Rd4 b5 31. Rexe4 Rxe4 32. Rxe4 bxc4 33. Re3 Rb6 34. b3 cxb3 35. axb3 Rf6 36. g4 a5 37. Kh2 Rf4 38. Kg3 a4 39. bxa4 Rxa4 40. Rxf3 Kg7 41. Rb3 Ra6 42. h4 Ra4 43. Rb7+ Kg8 44. Rb6 Kg7 45. Rb7+ Kg8 46. hxg5 hxg5 47.
Rb5 Kf7 48. Rxg5 Ra1 49. Rb5 Kg6 50. Rb6+ Kf7 51. g5 Rg1+ 52. Kf4 Rf1 53. f3 Ra1 54.
Kg4 Ra4+ 55. f4 Ra1 56. g6+ Kg7 57. Kg5 Rg1+ 58. Kf5 Rb1 59. Rxb1 1-0

[Event "*** Titled Tuesday Blitz"]
[Site "Chess.com"]
[Date "2020.01.07"]
[Round "5"]
[White "Dhaydon19"]
[Black "Zq1"]
[Result "1-0"]
[WhiteElo "2692"]
[BlackElo "2519"]
[TimeControl "180+2"]
[EndTime "14:10:16 PST"]
[Termination "Dhaydon19 won by resignation"]

1. d4 Nf6 2. Nf3 e6 3. c4 a6 4. g3 c5 5. Bg2 cxd4 6. Nxd4 Qc7 7. Nd2 Nc6 8. Nxc6 dxc6 9. O-O e5 10. Qc2 a5 11. b3 Bc5 12. Bb2 O-O 13. Nf3 Re8 14. Ng5 h6 15. Ne4 Nxe4 16. Bxe4 Bh3 17. Rfd1 Rad8 18. Rxd8 Rxd8 19. Rd1 Rxd1+ 20. Qxd1 Qb6 21.
Qe1 Bd4 22. Bc1 f5 23. Bc2 c5 24. Bd2 Qc6 25. e4 a4 26. bxa4 f4 27. Qe2 Qg6 28. Kh1 Bg4 29. f3 Bh3 30. Be1 h5 31. Bd3 Qg5 32.
Bd2 Qg6 33. Be1 Qb6 34. Qc2 Qf6 35. Be2 fxg3 36. hxg3 Qg5 37. Qd2 Qg6 38. Kh2 Be6 39.
Kg2 Qf7 40. Qc2 Qf6 41. Bf2 g5 42. Bxd4 cxd4 43. Qb3 g4 44. fxg4 hxg4 45. Qxb7 Qg5 46. Qb8+ Kf7 47. Qc7+ Kg6 48. Qd6 Kf7 49. Qc7+ Kg6 50.
Qb6 Kf7 51. Qa7+ Kg6 52. Qa6 Kf7 53. c5 Qe3 54. Qd3 Qc1 55. a5 Qxc5 56. a6 Qa5 57. Qc2 Bxa2 58. Bxg4 Be6 59. Bxe6+ Kxe6 60. Qc6+ Kf7 61.
Qd5+ Kf6 62. Qxa5 1-0

[Event "*** Titled Tuesday Blitz"]
[Site "Chess.com"]
[Date "2020.01.07"]
[Round "5"]
[White "letantha"]
[Black "Mikasinski"]
[Result "0-1"]
[WhiteElo "1808"]
[BlackElo "2288"]
[TimeControl "180+2"]
[EndTime "14:10:16 PST"]
[Termination "Mikasinski won by checkmate"]

1. e4 e6 2. d4 d5 3. exd5 exd5 4. Nf3 Bg4 5. h3 Bh5 6. Qe2+ Be7 7. Qb5+ Nd7 8.
Qxd5 Ngf6 9. Qb3 O-O 10. Be2 c5 11. O-O b6 12. Be3 Qc7 13. Nc3 cxd4 14. Nxd4 Nc5 15.
Qc4 Bxe2 16. Qxe2 Rfe8 17. Qf3 Rac8 18. Rad1 Bf8 19. Bf4 Qe7 20. Ndb5 Nfe4 21. Rfe1 Qb7 22. Nd5 a6 23. Na3 f5 24. b4 Na4 25. Qb3 Qf7 26.
Qxa4 b5 27. Qb3 Red8 28. Ne3 Rxd1 29. Qxf7+ Kxf7 30. Rxd1 Bxb4 31. Nb1 g6 32. a3 Ba5 33.
Be5 Re8 34. Bd4 f4 35. Nd5 g5 36.
Bb6 Bxb6 37. Nxb6 Re6 38. Rd7+ Ke8 39. Rb7 Nc5 40. Rb8+ Kf7 41. Nc3 h5 42. Ncd5 Re1+ 43. Kh2 Re2 44. Rc8 Ne6 45. Nc7 Nd4 46. Nxa6 Rxf2 47. Rc7+ Ke8 48. Nd5 Nf3+ 49. Kh1 Rf1# 0-1

[Event "*** Titled Tuesday Blitz"]
[Site "Chess.com"]
[Date "2020.01.07"]
[Round "5"]
[White "Alexander_Moskalenko"]
[Black "vlad_Sid"]
[Result "1-0"]
[WhiteElo "2812"]
[BlackElo "2596"]
[TimeControl "180+2"]
[EndTime "14:10:17 PST"]
[Termination "Alexander_Moskalenko won on time"]

1. e4 c6 2. Nc3 d5 3. Nf3 dxe4 4. Nxe4 Nf6 5. Qe2 Nxe4 6. Qxe4 Qd5 7. Qf4 Bf5 8. Bc4 Qe4+ 9. Qxe4 Bxe4 10. Bxf7+ Kxf7 11. Ng5+ Ke8 12. Nxe4 Nd7 13. d3 Nf6 14. Bg5 Rd8 15. O-O-O Kf7 16. Rhe1 h6 17. Be3 e6 18. Bxa7 Ra8 19.
Bc5 Rxa2 20. Bxf8 Nxe4 21. Rxe4 Rxf8 22. Rf4+ Ke7 23. Rxf8 Kxf8 24. Re1 Kf7 25. b3 g5 26. Kd2 Ra5 27. Re4 Ra1 28. Re1 Ra5 29. b4 Ra8 30. f3 Kf6 31. Kc3 h5 32. Re4 h4 33. g3 hxg3 34. hxg3 Rh8 35. f4 g4 36. Kc4 Rh2 37. c3 Rf2 38. Kd4 b6 39. Re3 Rg2 40.
c4 Rc2 41. Re5 Rg2 42. Re3 Rc2 43.
b5 c5+ 44. Ke4 Rd2 45. Re1 Rg2 46. Re3 Rd2 47. f5 exf5+ 48. Kd5 f4 49. gxf4 Kf5 50.
Kc6 Kxf4 51. Re1 g3 52. Kxb6 Kf3 53. Kxc5 g2 54. b6 Kf2 55. Rb1 Re2 56. b7 Re1 57.
Rxe1 Kxe1 58. d4 g1=Q 59. b8=Q Ke2 60. Qe5+ 1-0

[Event "*** Titled Tuesday Blitz"]
[Site "Chess.com"]
[Date "2020.01.07"]
[Round "5"]
[White "Zubrrr"]
[Black "Jbd735"]
[Result "1-0"]
[WhiteElo "2740"]
[BlackElo "2461"]
[TimeControl "180+2"]
[EndTime "14:10:17 PST"]
[Termination "Zubrrr won on time"]

1. d4 d5 2. c4 c6 3. Nf3 e6 4. Nc3 Nf6 5. Bg5 h6 6. Bxf6 Qxf6 7. e3 Nd7 8. Qb3 g6 9. Bd3 Bg7 10. O-O O-O 11. Rad1 dxc4 12. Bxc4 b5 13. Be2 a6 14. Ne4 Qe7 15. Rc1 Bb7 16. Nc5 Nxc5 17. Rxc5 Rad8 18. Rfc1 Rd5 19. Bd3 Rfd8 20. Be4 Rxc5 21. Rxc5 Qd6 22.
Qc2 Rc8 23. g3 Bf8 24. a3 f5 25. Bd3 Qd8 26. Rc3 c5 27. Ne5 cxd4 28. Rxc8 Qxc8 29.
Qxc8 Bxc8 30. exd4 Kg7 31. f4 Bb7 32. Kf2 Bd6 33. Ke3 Kf6 34. Nd7+ Ke7 35. Nc5 Bc8 36.
b4 g5 37. Bc2 Kf6 38. Bb3 gxf4+ 39. gxf4 h5 40. Bd1 Kg6 41. a4 bxa4 42. Bxa4 h4 43. h3 Bxc5 44. dxc5 Kf6 45. Bc6 e5 46. Bd5 e4 47.
Kd4 Bd7 48. Bb7 Bb5 49. c6 1-0

[Event "*** Titled Tuesday Blitz"]
[Site "Chess.com"]
[Date "2020.01.07"]
[Round "5"]
[White "1stSecond"]
[Black "Hikaru"]
[Result "1-0"]
[WhiteElo "2847"]
[BlackElo "3124"]
[TimeControl "180+2"]
[EndTime "14:10:23 PST"]
[Termination "1stSecond won by resignation"]

1. d4 e6 2. c4 b6 3. Nf3 Bb7 4.
g3 Bxf3 5. exf3 c6 6. Nc3 d5 7. Bd3 Ne7 8. O-O g6 9. cxd5 cxd5 10. Bb5+ Nec6 11. Qa4 Qd7 12. Bf4 Bd6 13. Nxd5 exd5 14.
Rac1 O-O 15. Bxc6 Nxc6 16. Bxd6 Qxd6 17. Rxc6 Qe7 18. Qc2 Qb4 19. Qc3 Qa4 20. a3 Rae8 21. Rc1 Re2 22. Rd6 Qb5 23. b3 Rfe8 24. a4 Qa6 25. Rxd5 Ra2 26. Re5 Rxe5 27. Qc8+ Qxc8 28. Rxc8+ Kg7 29. dxe5 Rb2 30. Rc3 a5 31. f4 f5 32.
exf6+ Kxf6 33. g4 Ke7 34. Rd3 Ke6 35. Kg2 Rc2 36. h3 Rb2 37. Rc3 Ke7 38. Kg3 h6 39. f3 Kf7 40. Rc7+ Kf8 41. Rc6 Rxb3 42. Rxg6 h5 43.
gxh5 Kf7 44. f5 b5 45. axb5 Rxb5 46. Kg4 a4 47. Ra6 Rb1 48. h6 Rg1+ 49. Kh5 Rg3 50. h4 Kg8 51. Ra8+ Kh7 52. Ra7+ Kh8 53. Rxa4 Rxf3 54. Kg4 Rf1 55. Ra7 Rg1+ 56. Kh5 Rf1 57. Kg6 Rg1+ 58. Kf6 Rg4 59. Ke7 Re4+ 60. Kf7 Kh7 61. f6 Rb4 62. Rd7 Kxh6 63. Ke7 Re4+ 64. Kf8 Rxh4 65. f7 Ra4 66. Kg8 Rg4+ 67. Kf8 Ra4 68. Ke8 Ra8+ 69. Rd8 1-0

[Event "*** Titled Tuesday Blitz"]
[Site "Chess.com"]
[Date "2020.01.07"]
[Round "5"]
[White "r31415"]
[Black "ahachess"]
[Result "1-0"]
[WhiteElo "2471"]
[BlackElo "2246"]
[TimeControl "180+2"]
[EndTime "14:10:23 PST"]
[Termination "r31415 won by resignation"]

1. d4 g6 2. e4 Bg7 3. Nc3 a6 4. g4 d6 5. h4 h5 6. gxh5 gxh5 7.
Nge2 Bg4 8. Bg2 Nc6 9. f3 Bd7 10. Be3 e5 11. Qd2 Bf6 12. O-O-O Nge7 13. Rdg1 Ng6 14.
Nd5 exd4 15. Nxd4 Nce5 16. Bg5 Bxg5 17. hxg5 c6 18. Nf6+ Kf8 19. Rxh5 Rxh5 20. Nxh5 c5 21. Nf5 Bxf5 22. exf5 Nh4 23. Qf4 Qa5 24. Qxh4 Qxa2 25. g6 Qa1+ 26. Kd2 Qxb2 27. g7+ Kg8 28. Nf6+ Kxg7 29.
Bf1+ Kf8 30. Qh8+ Ke7 31. Nd5+ Kd7 32. Qxa8 Qd4+ 33. Bd3 Qxd5 34. Rg8 Nxf3+ 35. Kc1 Kc6 36. Qc8+ Kb6 37. Qd8+ Ka7 38. Qa8+ Kb6 39. Qd8+ Ka7 40. Qa5 Qd4 41. Rd8 Qf4+ 42. Kb2 Qd4+ 43. Kc1 Qf4+ 44. Kb1 Nd2+ 45. Kb2 c4 46. Qc7 Qd4+ 47. c3 Qxd3 48. Qb8+ Kb6 49. Rxd6+ Ka5 50. Rxd3 cxd3 51. Qc7+ Kb5 52. Qe5+ Kc4 53. Qf4+ Kb5 54. Qxd2 Kc4 55.
Qf4+ 1-0

[Event "*** Titled Tuesday Blitz"]
[Site "Chess.com"]
[Date "2020.01.07"]
[Round "5"]
[White "iLuusions"]
[Black "W_Amadeus"]
[Result "1/2-1/2"]
[WhiteElo "2469"]
[BlackElo "2670"]
[TimeControl "180+2"]
[EndTime "14:10:25 PST"]
[Termination "Game drawn by agreement"]

1. d4 Nf6 2. c4 e6 3. Nf3 d5 4. g3 Be7 5. Bg2 O-O 6. O-O dxc4 7. Qc2 a6 8. a4 Bd7 9. Qxc4 Bc6 10.
Bf4 Bd6 11. Qc1 Nbd7 12. Nc3 b5 13. Re1 Qb8 14. Nb1 Qb7 15. Bxd6 cxd6 16. Qf4 bxa4 17. Qxd6 Ne4 18. Qa3 Rfb8 19. Nc3 Qxb2 20. Ng5 Qxc3 21.
Qxc3 Nxc3 22. Bxc6 Ra7 23. Bxa4 Nb6 24. Bc2 h6 25. Ne4 Nbd5 26. Nxc3 Nxc3 27. Ra3 Nb5 28. Ra4 a5 29. Rb1 Rbb7 30. Bd3 Nd6 31. Rc1 Kf8 32. Rc6 Ke7 33. Rc5 Rb4 34. Raxa5 Rxa5 35. Rxa5 Rxd4 36. Ra7+ Kf8 37. f3 Rb4 38. Kf2 Rb8 39.
Rd7 Ne8 40. g4 Nf6 41. Ra7 Rd8 42. h4 Nd5 43. Kg3 g5 44. hxg5 hxg5 45. Ra5 Kg7 46.
Bc4 Kf6 47. Bxd5 exd5 48. Ra6+ Kg7 49. Ra5 f6 50. e3 d4 51. exd4 Rxd4 1/2-1/2

[Event "*** Titled Tuesday Blitz"]
[Site "Chess.com"]
[Date "2020.01.07"]
[Round "5"]
[White "Sjakkerntobi"]
[Black "ehrenfeld"]
[Result "0-1"]
[WhiteElo "2293"]
[BlackElo "2540"]
[TimeControl "180+2"]
[EndTime "14:10:26 PST"]
[Termination "ehrenfeld won by resignation"]

1. e4 e5 2. Nf3 Nc6 3. Bb5 a6 4. Ba4 Nf6 5. O-O Be7 6. Re1 b5 7. Bb3 d6 8. c3 O-O 9. d3 Na5 10. Bc2 c5 11. Nbd2 Re8 12. Nf1 h6 13. Ng3 Bf8 14. Nh4 g6 15. d4 cxd4 16. cxd4 Nc6 17. Bb3 d5 18. dxe5 Nxe5 19. exd5 Bb7 20. Nf3 Nxf3+ 21. gxf3 Rxe1+ 22. Qxe1 Bxd5 23. Be3 Bxb3 24. axb3 Qd5 25. Qd1 Qe6 26. Qd3 Re8 27. Ne4 Nxe4 28. Qxe4 Qc8 29. Qg4 Qb7 30. Rd1 h5 31. Qd7 Qxf3 32.
Rd4 Re4 33. Rxe4 Qxe4 34. Qc8 Qg4+ 35. Qxg4 hxg4 36. Kg2 Bg7 37. Kg3 f5 38. Bc1 Kf7 39. h3 gxh3 40. Kxh3 Ke6 41. Kg3 Kd5 42. Kf3 Be5 43.
Ke3 a5 44. Kd3 a4 45. bxa4 bxa4 46. f3 Bf6 47. Kc2 Kc4 48. Be3 g5 49. Bf2 g4 50.
fxg4 fxg4 51. Bg3 Bg5 52. Kb1 Kb3 53. Be5 Bh4 54. Bf4 g3 55. Be3 g2 56. Bg1 Bf6 57. Bf2 Bxb2 58. Bg1 a3 0-1

[Event "*** Titled Tuesday Blitz"]
[Site "Chess.com"]
[Date "2020.01.07"]
[Round "5"]
[White "nurmiTV"]
[Black "FredyMatsuura"]
[Result "1-0"]
[WhiteElo "2537"]
[BlackElo "2242"]
[TimeControl "180+2"]
[EndTime "14:10:26 PST"]
[Termination "nurmiTV won on time"]

1. c4 Nf6 2. Nc3 e6 3. e4 c5 4. e5 Ng8 5. f4 Nc6 6. Nf3 d6 7. b3 dxe5 8. fxe5 Nge7 9. Bb2 Ng6 10. Ne4 Qc7 11. Nd6+ Bxd6 12. exd6 Qxd6 13. Bxg7 Rg8 14.
Bc3 Nd4 15. g3 e5 16. Bxd4 exd4 17. Qe2+ Be6 18. Bh3 O-O-O 19. Bxe6+ fxe6 20. O-O-O d3 21. Qe4 e5 22. Rde1 Rge8 23. h4 Qa6 24. Kb2 Qa5 25. h5 Nf8 26. Rh2 Ne6 27. Qg4 Kb8 28. Rxe5 Nd4 29.
Rxe8 Rxe8 30. Nxd4 cxd4 31. Qxd4 Re2 32. Rxe2 dxe2 33.
Qh8+ Kc7 34. Qxh7+ Kc8 35. Qg8+ Qd8 36. Qe6+ Kb8 37. Qxe2 Qh8+ 38. Kb1 Qh7+ 39. d3 Qg7 40. g4 Qg5 41. Qe8+ Kc7 42. Qf7+ Kb8 43. Qf5 Qd2 44. Qf1 Qg5 45. Qe2 a5 46. d4 Ka8 47.
a3 Qf4 48. d5 Qd4 49. h6 Qg1+ 50. Ka2 Qh1 51. g5 Qh4 52. Qg2 a4 53. g6 axb3+ 54.
Kxb3 1-0

[Event "*** Titled Tuesday Blitz"]
[Site "Chess.com"]
[Date "2020.01.07"]
[Round "5"]
[White "jefferyx"]
[Black "JustaTrickstar"]
[Result "1-0"]
[WhiteElo "2925"]
[BlackElo "2741"]
[TimeControl "180+2"]
[EndTime "14:10:31 PST"]
[Termination "jefferyx won by resignation"]

1. e4 d6 2. d4 Nf6 3. Nc3 g6 4. Nf3 Bg7 5. Be3 c6 6. Qd2 O-O 7. Bh6 Nbd7 8. h4 Bxh6 9. Qxh6 Ng4 10. Qd2 h5 11. Ng5 e5 12. f3 Ngf6 13. O-O-O Qa5 14. dxe5 dxe5 15. Qd6 Qc5 16. a4 a5 17. Qxc5 Nxc5 18. Bc4 Kg7 19. Rd2 Nh7 20. Nxh7 Kxh7 21. Rhd1 Kg7 22. b3 Be6 23. Bxe6 Nxe6 24. Rd7 Nc5 25.
Rc7 Rfd8 26. Rxd8 Rxd8 27. Nd1 Rd7 28. Rc8 Ne6 29. Ra8 Nf4 30. Ne3 Ne2+ 31. Kb2 Rd2 32. Nc4 Rd1 33. Rxa5 Rg1 34. Ne3 Nf4 35. Rxe5 Re1 36.
Nc4 Re2 37. Re7 b5 38. Nd6 Nd3+ 39. Kc3 Ne1 40. Rxf7+ Kg8 41. Rf6 c5 42. Kb2 Nd3+ 43. Kb1 Re1+ 44. Ka2 Nb4+ 45. Kb2 Re2 46. axb5 Rxc2+ 47. Kb1 Rd2 48. Nc4 Rxg2 49. Rd6 Rg1+ 50. Kb2 Kf7 51. b6 Na6 52. b7 Nb8 53. Rd8 Nc6 54.
Ne5+ Ke7 55. Nxc6+ 1-0

[Event "*** Titled Tuesday Blitz"]
[Site "Chess.com"]
[Date "2020.01.07"]
[Round "5"]
[White "Mikhail_Golubev"]
[Black "albano87"]
[Result "0-1"]
[WhiteElo "2598"]
[BlackElo "2105"]
[TimeControl "180+2"]
[EndTime "14:10:36 PST"]
[Termination "albano87 won by resignation"]

1. e4 c5 2. Nf3 Nc6 3. Nc3 d6 4. d4 cxd4 5. Nxd4 Nf6 6. Bc4 Bd7 7. Bb3 Rc8 8. f3 a6 9. Bg5 Qa5 10. Bxf6 gxf6 11. Qd2 h5 12. f4 Bh6 13. Nde2 Be6 14. O-O Rg8 15. Kh1 h4 16. Bxe6 fxe6 17. Qd3 Qh5 18.
Qh3 Kf7 19. f5 e5 20. Qd3 Nb4 21. Qd1 Qg4 22. Rg1 Be3 23. h3 Qg5 24. a3 Bxg1 25. Qxg1 Nxc2 26. Rf1 Qe3 27. Rf2 Nd4 28. Qf1 Nxe2 29.
Rxe2 Qd3 30. Qe1 Rg3 31. Rd2 Rxh3+ 32. gxh3 Qxh3+ 33. Rh2 Qf3+ 34. Rg2 h3 35. Qg3 Qxg2+ 36. Qxg2 hxg2+ 37. Kxg2 b5 38. Kf2 Rc4 39. Ke3 b4 40. axb4 Rxb4 41. Nd1 d5 42. exd5 Rd4 43. Nc3 Rb4 44.
Ne4 Rb3+ 45. Ke2 Rxb2+ 46. Kd3 a5 47. Kc3 Rb4 48. Nc5 Rf4 49. Nb7 a4 50. Nd8+ Ke8 51.
Ne6 Kd7 0-1

[Event "*** Titled Tuesday Blitz"]
[Site "Chess.com"]
[Date "2020.01.07"]
[Round "5"]
[White "OparinGrigoriy"]
[Black "Borsuk_Konstantin"]
[Result "1/2-1/2"]
[WhiteElo "3029"]
[BlackElo "2496"]
[TimeControl "180+2"]
[EndTime "14:10:37 PST"]
[Termination "Game drawn by agreement"]

1. Nf3 b6 2. g3 Bb7 3. Bg2 Nf6 4. d4 e6 5. c4 Be7 6. O-O O-O 7. Nc3 Ne4 8. Bd2 f5 9. Qc2 Nxd2 10. Nxd2 Bxg2 11.
Kxg2 Qe8 12. Nf3 d6 13. e4 f4 14. Rae1 c6 15. e5 d5 16. Ne2 g5 17. gxf4 gxf4 18. Kh1 Qh5 19. Qd3 dxc4 20. Qe4 Qf5 21. Rg1+ Kh8 22.
Nc3 b5 23. Qxf5 Rxf5 24. Ne4 Nd7 25. Nd6 Bxd6 26. exd6 Re8 27. Ne5 Nxe5 28. dxe5 f3 29. Rg3 a5 30. Re3 Ref8 31. Kg1 Rf4 32. Kf1 Rd4 33.
Rgxf3 Rxf3 34. Rxf3 Kg7 35. Ke2 b4 36. Rf6 Re4+ 37.
Kf1 Rxe5 38. d7 Rd5 39. Rxe6 Rxd7 40. Rxc6 Rd2 41. Rxc4 Rxb2 42. a3 bxa3 43. Ra4 Rb1+ 44. Kg2 Ra1 45. Rxa5 a2 46. Kf3 Rh1 47. Rxa2 Rxh2 48.
Kg3 Rh6 49. f4 Rg6+ 50. Kf3 h5 51. Ke4 h4 52. Kf5 Rh6 53. Kg5 Rb6 54. Kxh4 Kf6 55. Kg4 Rc6 56. Rh2 Kg7 57. Rh5 Rb6 58. Kg5 Rb5+ 59.
f5 Rb6 60. Rh4 Rc6 61. Ra4 Rb6 62. Ra7+ Kf8 63. Rd7 Rc6 64. Rh7 Ra6 65. Rb7 Rc6 66.
Kf4 Ra6 67. Ke5 Ra5+ 68. Kf6 Ra6+ 69. Kg5 Rc6 70. Ra7 Rb6 71. Kf4 Rc6 72. Ke5 Rb6 73. Kd5 Rb5+ 74. Ke6 Rb6+ 75. Ke5 Rb5+ 76. Kf6 Rb6+ 77.
Kg5 Rc6 78. Kh5 Rb6 79. Ra5 Rc6 80. Ra1 Rb6 81. Rg1 Ra6 82. Rg6 Ra1 83. Kg5 Kf7 84.
Rf6+ Kg7 85. Rg6+ Kf7 86. Rb6 Rg1+ 1/2-1/2

[Event "*** Titled Tuesday Blitz"]
[Site "Chess.com"]
[Date "2020.01.07"]
[Round "5"]
[White "hazy13"]
[Black "Schachmalanders"]
[Result "1-0"]
[WhiteElo "2217"]
[BlackElo "2260"]
[TimeControl "180+2"]
[EndTime "14:10:37 PST"]
[Termination "hazy13 won by resignation"]

1. d4 d5 2. c4 e6 3. Nf3 c6 4.
Qc2 f5 5. g3 Nf6 6. Bg2 Bd6 7.
O-O O-O 8. Nbd2 b6 9. Rb1 Ne4 10. b4 Bb7 11. c5 Bc7 12. a4 a6 13. Nxe4 fxe4 14. Ne5 b5 15. axb5 axb5 16. Bd2 Nd7 17.
Nxd7 Qxd7 18. Ra1 Qf7 19. Be3 e5 20. Qb2 Qf6 21. Rxa8 Rxa8 22. Ra1 Qe7 23. Rxa8+ Bxa8 24. Qa1 Bb7 25. Bh3 Qe8 26. Qa7 Qa8 27. Qxa8+ Bxa8 28. Bc8 Kf7 29. Kg2 h6 30. Kh3 Ke7 31. Kh4 Kf6 32.
g4 exd4 33. Bxd4+ Be5 34. e3 Bxd4 35. exd4 Kg6 36. h3 Kf6 37. Kh5 Kf7 38. h4 Kf6 39.
g5+ hxg5 40. hxg5+ Kf7 41. Bf5 Bb7 42. Bd7 Ke7 43.
Bf5 Kf7 44. Bg6+ Ke6 45. Be8 Kf5 46. Bd7+ Kf4 47. Kg6 Ba8 48. Be6 Bb7 49. Bd7 Ba8 50. Bc8 Kf3 51. Kxg7 Kxf2 52. Bg4 e3 53. Kf6 Bb7 54. g6 Bc8 55. Bh5 e2 56. Bxe2 Kxe2 57. g7 Kd3 58. g8=Q Kxd4 59. Qxc8 Kc4 60. Qxc6 1-0